 Dungeon Crawl Stone Soup version 0.29.1-13-g9f3cf754e1 (webtiles) character file.

Game seed: 16861794363624209027

30 Peloso the Covered (level 3, 33/33 HPs)
             Began as a Minotaur Fighter on Jan 22, 2023.
             Got out of the dungeon alive.
             The game lasted 00:01:40 (1157 turns).

Peloso the Covered (Minotaur Fighter)               Turns: 1157, Time: 00:01:40

Health: 33/33      AC:  7    Str: 20    XL:     3   Next: 5%
Magic:  2/2        EV:  9    Int:  5    God:
Gold:   67         SH:  4    Dex: 11    Spells: 2/2 levels left

rFire   . . .      SeeInvis .   a - +0 long sword
rCold   . . .      Faith    .   c - +0 buckler
rNeg    . . .      Spirit   .   b - +0 scale mail
rPois   .          Reflect  .   (helmet restricted)
rElec   .          Harm     .   (no cloak)
rCorr   .          Rampage  .   (no gloves)
Will    .....      Clarity  +   (no boots)
Stlth   ..........              (no amulet)
HPRegen 0.11/turn               (no ring)
MPRegen 0.08/turn               (no ring)

@: hasted, very quick
A: horns 2, retaliatory headbutt, talons 1, clarity, subdued magic 1, inability
to read after injury 1
a: no special abilities


You escaped.
You visited 1 branch of the dungeon, and saw 1 of its levels.

You collected 67 gold pieces.

Inventory:

Hand Weapons
 a - a +0 long sword (weapon)
Armour
 b - a +0 scale mail (worn)
 c - a +0 buckler (worn)
Jewellery
 i - a ring of fire
Scrolls
 e - a scroll of identify {unknown}
 f - a scroll of vulnerability {unknown}
 h - a scroll of teleportation {unknown}
 k - a scroll of poison {unknown}
Potions
 d - 2 potions of might
 g - a potion of haste
 l - a potion of curing {unknown}


   Skills:
 + Level 4.0 Fighting
 + Level 2.8 Long Blades
 + Level 4.1 Armour
 + Level 0.2 Dodging
 + Level 4.0 Shields


You had 2 spell levels left.
You didn't know any spells.
Your spell library was empty.

Dungeon Overview and Level Annotations

Branches:
Dungeon (1/15)

Altars:


Innate Abilities, Weirdness & Mutations

You have a pair of horns on your head.
You reflexively headbutt those who attack you in melee.
You have sharp toenails.
You possess an exceptional clarity of mind.
Your spells are a little easier to cast, but a little less powerful.
You occasionally lose the ability to read scrolls when taking damage.


Message History

You block the bat's attack. The bat hits you but does no damage.
You completely miss the bat. Your headbutt misses the bat.
The bat barely misses you. The bat hits you but does no damage.
The bat hits you but does no damage. x2
You hit the bat.
The bat is heavily wounded.
The bat hits you but does no damage.
You barely miss the bat.
The bat is heavily wounded.
The bat barely misses you. The bat hits you but does no damage.
You block the bat's attack. The bat hits you but does no damage.
You block the bat's attack. The bat closely misses you.
You block the bat's attack. The bat hits you but does no damage.
The bat closely misses you. You furiously retaliate!
You headbutt the bat!
You kill the bat!
k - a scroll labelled YFAMIH AS BUI
Found 6 stones.
l - a dark potion You now have 67 gold pieces (gained 9).
You see here a +0 short sword.
Done exploring.
Done exploring.
Done exploring.
Done exploring.
Done exploring.
It was a potion of haste.
You feel yourself speed up.
It was a potion of mutation.
You feel extremely strange.
Your connection to magic feels subdued.
You occasionally lose the ability to read scrolls when taking damage.
Your toenails lengthen and sharpen.
Your thoughts seem clearer.
(D) Dungeon
Where to? (? - help)
What level of the Dungeon? (default 1, ? - help)
There is a staircase leading out of the dungeon here.
Are you sure you want to leave the Dungeon?
This will make you lose the game!
You have escaped!

.##.#.####.# #...# #.#
.##.#......# #...# #.#
....######## #...# #.#
.####.#...#### #...#
#.# .#
#.........####...#
###.#
.###...##.......###.#
#...#
.##....###......#.###
#.###
.##...###.........##
#.#
.##....###......@..#
#.# ##..#..#
#........## #.#
#####.## ##......##
###.######### # ##..#
##...#..###............
# #...##
#....##..##############
# ##..#.# ###...#### #
# #...#.# #....# #
####.#..# #...)## #
##...#.## #.....#
##########


There were no monsters in sight!

Vanquished Creatures
  A dart slug (D:1)
  4 endoplasms (D:1)
  4 giant cockroaches (D:1)
  A goblin (D:1)
  5 kobolds (D:1)
  A quokka (D:1)
  2 ball pythons (D:1)
  3 bats (D:1)
  A frilled lizard (D:1)
  4 rats (D:1)
26 creatures vanquished.

Notes
Turn   | Place    | Note
-------+----------+-------------------------------------------
     0 | D:1      | Peloso the Minotaur Fighter began the quest for the Orb.
     0 | D:1      | Reached XP level 1. HP: 19/19 MP: 0/0
   103 | D:1      | Found a faded altar of an unknown god.
   166 | D:1      | Reached XP level 2. HP: 26/27 MP: 1/1
   732 | D:1      | Reached XP level 3. HP: 33/33 MP: 2/2
  1144 | D:1      | Gained mutation: Your spells are a little easier to cast,
                  | but a little less powerful. [potion of mutation]
  1144 | D:1      | Gained mutation: You occasionally lose the ability to read
                  | scrolls when taking damage. [potion of mutation]
  1144 | D:1      | Gained mutation: You have sharp toenails. [potion of
                  | mutation]
  1144 | D:1      | Gained mutation: You possess an exceptional clarity of
                  | mind. [potion of mutation]
  1157 | D:$      | Got out of the dungeon alive.

Illustrated notes

Levels and vault maps discovered:
D:1:      dpeg_arrival_arbitrary_a, layout_basic,
          dreamdust_ecumenical_altar_statues

Skill      XL: |  1  2  3 |
---------------+----------+-----
Shields        | 4 |  4.0
Armour         | 4 |  4.1
Fighting       | 4 |  4.0
Long Blades    | |  2.8
Dodging        | |  0.2

Action                   || total
-------------------------++-------
Melee: Long sword        ||    76
       Headbutt          ||     7
  Use: Potion            ||     2
Armor: Scale mail        ||    36
Dodge: Dodged            ||    33
Block: Buckler           ||    28
